 Dungeon Crawl Stone Soup version 0.20-a0-148-gb6cfb21 (webtiles) character file.

90 KristoblXynda the Charmwright (level 4, -3/36 HPs)
             Began as a Draconian Skald on Nov 21, 2016.
             Killed from afar by Natasha (9 damage)
             ... with a magic dart
             ... on level 2 of the Dungeon.
             The game lasted 00:02:37 (1199 turns).

KristoblXynda the Charmwright (Draconian Skald)     Turns: 1199, Time: 00:02:38

Health: -3/36      AC:  5    Str: 17    XL:     4   Next: 32%
Magic:  7/7        EV: 12    Int: 13    God:
Gold:   72         SH:  0    Dex: 10    Spells: 6/7 levels left

rFire  . . .     SeeInvis .     a - +1 mace
rCold  . . .     Gourm    .     (armour unavailable)
rNeg   . . .     Faith    .     (no shield)
rPois  .         Spirit   .     (helmet restricted)
rElec  .         Reflect  .     (no cloak)
rCorr  .         Harm     .     (no gloves)
MR     +....                    (no boots)
Stlth  +.........               (no amulet)
                                e - +2 ring of strength
                                h - ring of protection from magic

@: no status effects
A: unfitting armour, cold-blooded, AC +5
a: no special abilities


You were on level 2 of the Dungeon.
You were not hungry.

You visited 1 branch of the dungeon, and saw 2 of its levels.

You collected 72 gold pieces.

Inventory:

Hand Weapons
 a - a +1 mace (weapon)
Jewellery
 e - a +2 ring of strength (right hand)
 h - a ring of protection from magic (left hand)
Scrolls
 d - 2 scrolls of teleportation
 f - a scroll of identify {unknown}
Books
 b - a book of Battle

   Spells                             Type                      Level
   a - Infusion                       Charms                       1
   b - Shroud of Golubria             Charms/Translocation         2
   c - Song of Slaying                Charms                       2
   d - Spectral Weapon                Hexes/Charms                 3
   e - Regeneration                   Charms/Necromancy            3
Comestibles
 c - a bread ration
 g - 2 chunks of flesh


   Skills:
 - Level 2.1 Fighting
 + Level 2.9 Maces & Flails
 + Level 2.5 Dodging
 - Level 2.0 Spellcasting
 + Level 3.6 Charms


You had 6 spell levels left.
You knew the following spells:

 Your Spells              Type           Power        Failure   Level  Hunger
a - Infusion              Chrm           ##..         8%          1    ##.....


Dungeon Overview and Level Annotations

Branches:
Dungeon (2/15)

Altars:

Annotations:
D:2 Natasha


Innate Abilities, Weirdness & Mutations

Your plain brown scales are hard. (AC +5)
You cannot fit into any form of body armour.
You are cold-blooded and may be slowed by cold attacks.


Message History

You resist with some effort. Natasha claws you but does no damage.
The shadow imp gestures at you. You resist with some effort.
You see here a whip.
The shadow imp shouts, "Out, out, thou clouted beetle-headed skainsmate!"
Natasha barely misses you.
Things that are here:
a club; a goblin skeleton Natasha stares at you and mumbles some strange words.
The magic dart hits you!
* * * LOW HITPOINT WARNING * * *
Unknown command.
The shadow imp disappears in a puff of smoke!
You see here a dagger.
Items here: ))) ††† Natasha mumbles some strange words.
There is an escape hatch in the ceiling here.
Natasha stares at you and mumbles some strange words.
The magic dart hits you!
You die...

##### #.##.####......#
....# #.##..#........#
###.###.#......####..#
#...#.#...#.##..(.##
#........##.#..####
###.......##....##
...........#.##)##
......####...##..##
....### #.#####@5##
....# ...# ##..# ....#
#.#.# ##h#### ....# #.
#.)..# ##### ####.# #
#.### .. . #...# .# #
###)#####.###
#§#........


You could see an iron imp and Natasha.

Vanquished Creatures
  2 adders (D:2)
  A worm (D:2)
  A dart slug (D:1)
  2 leopard geckos (D:2)
  3 bats (D:1)
  2 giant cockroaches (D:2)
  11 goblins
  9 hobgoblins
  12 jackals (D:1)
  5 kobolds
  A ball python (D:1)
  3 frilled lizards
  5 rats
57 creatures vanquished.

Notes
Turn   | Place    | Note
-------+----------+-------------------------------------------
     0 | D:1      | KristoblXynda the Draconian Skald began the quest for the Orb.
     0 | D:1      | Reached XP level 1. HP: 17/17 MP: 3/3
   147 | D:1      | Reached XP level 2. HP: 12/24 MP: 5/5
   362 | D:1      | Reached skill level 3 in Charms
   601 | D:1      | Reached XP level 3. HP: 27/29 MP: 6/6
   803 | D:2      | Noticed Robin
   994 | D:2      | Reached XP level 4. HP: 16/36 MP: 7/7
  1176 | D:2      | Noticed Natasha
  1199 | D:2      | Killed from afar by Natasha

Vault maps used:
D:1:      sevenhm_arrival_forest_fort_small_6
D:2:      uniq_robin, uniq_natasha, uniq_iyjb, uniq_terence,
          uniq_crazy_yiuf_cottage

Skill      XL: |  1  2  3 |
---------------+----------+-----
Charms         | 3 |  3.6
Dodging        | 2 |  2.5
Fighting       | |  2.1
Maces & Flails | |  2.9
Spellcasting   | |  2.0

Action                   |  1- 3 |  4- 6 || total
-------------------------+-------+-------++-------
Melee: Mace              |   153 |    32 ||   185
       Tailslap          |    21 |     5 ||    26
  Use: Scroll            |     5 |       ||     5
       Potion            |     1 |       ||     1
  Eat: Chunk             |       |     1 ||     1
Armor: Skin              |    52 |     8 ||    60
Dodge: Dodged            |   115 |    22 ||   137
